 BcadrenCrawl: Boulder Brew version 0.04-3-g5ec7fb31a4 (webtiles) character file.

Game seed: 17007583887235488607, levelgen mode: deterministic

5681 Chiseanne the Nimble (level 11, -6/78 HPs) Goblin Demonspawn. Began on Mar 21, 2021. Was an Initiate of Gozag Ym Sagoz. Shot with an arrow by a centaur (8 damage) ... on level 5 of the Dungeon. The game lasted 00:17:56 (3639 turns).

Chiseanne the Nimble (Goblin Demonspawn)            Turns: 3639, Time: 00:17:57

Health: -6/78      AC: 21    Str:  8    XL:     11 ^: 7332
Magic:  28/28      EV: 16    Int:  6    God:    Gozag Ym Sagoz
Gold:   650        SH:  3    Dex:  6    Spells: 24/25 levels left

rFire    . . .     Vision   .   a - +0 long sword
rCold    + . .     Gourm    .   c - +2 buckler {AC+3}
rNeg     . . .     Faith    .   x - +2 troll leather {Purgy}
rPois    .         Spirit   .   o - +0 helmet
rElec    .         Reflect  .   (no cloak)
rCorr    .         Harm     .   h - +0 pair of gloves
MR       +++..                  B - +0 pair of boots
Stlth    ..........             (no amulet)
HPRegen  0.76/turn              i - ring "Qasulint" {MR++ MP+9 Slay+6 Stlth-}
MPRegen  0.38/turn              y - ring of protection from magic

@: gold aura, sanguine armour
A: small, stagnant stats, goblin's greed, hooves 2, cold resistance 1, icemail,
low mp 1, mutation resistance 1, rot immunity, freezing cloud immunity, sanguine
armour 2, god's pity 2
a: Potion Petition, Call Merchant, Bribe Branch, Renounce Religion


You were on level 5 of the Dungeon.
You worshipped Gozag Ym Sagoz.
Gozag Ym Sagoz was pleased with you.
You were not hungry.

You visited 2 branches of the dungeon, and saw 6 of its levels.

You collected 641 gold pieces.
You paid 115 gold pieces to Gozag.

Inventory:

Weapons
 a - a +0 long sword (weapon)
 s - a +4 dagger of venom
 w - a +0 hunting sling
 C - a cursed +3 short sword of freezing {(Curse: *Slow -Vis)} Shields
 b - a cursed +2 buckler of reflection {(Curse: Fragile)}
 c - a +2 buckler of protection (shield)
Armour
 h - a +0 pair of gloves (worn)
 o - a +0 helmet (worn)
 q - a +1 leather armour of fire resistance
 x - a +2 troll leather (worn) {Purgy}
 B - a +0 pair of boots (worn)
Jewellery
 i - the ring "Qasulint" (left hand) {MR++ MP+9 Slay+6 Stlth-}
   (You acquired it on level 1 of the Dungeon)

   [ring of magical power]

   It affects your accuracy and damage with ranged weapons and melee attacks
   (+6).
   It affects your resistance to hostile enchantments.
   It affects your magic capacity (+9).
   It makes you less stealthy.
 y - a ring of protection from magic (right hand)
 D - the cursed ring "Yclefieh" {Int+5 Dex+4, (Curse: *Slow)}
   (You took it off a wight on level 4 of the Dungeon)

   [ring of intelligence]

   It affects your intelligence (+5).
   It affects your dexterity (+4).
   It has a curse placed upon it.
   { (Curse: *Slow)}
Wands
 F - a wand of disintegration (2)
Scrolls
 g - a scroll of fear
 j - 2 scrolls of amnesia
 m - 2 scrolls of fog
 n - a scroll of immolation
 t - a scroll of magic mapping
 u - a scroll of teleportation
Potions
 e - a potion of lignification
 f - 2 potions of heal wounds
 k - 2 potions of curing
 l - a potion of ambrosia
 p - a potion of cancellation
 r - a potion of resistance
 v - a potion of invisibility
 z - 2 potions of might
 A - 2 potions of haste
 E - 2 potions of cure mutation
Comestibles
 d - 13 rations


   Skills:
 * Level 8.6 Fighting
 - Level 2.6 Long Blades
 - Level 2.1 Armour
 * Level 9.4 Dodging
 - Level 2.6 Stealth
 * Level 8.4 Shields
 * Level 7.8 Spellcasting
 * Level 8.3 Fire Magic
   Level 4.0 Invocations


You had 24 spell levels left.
You knew the following spells:

 Your Spells              Type           Power        Failure   Level  Hunger
a - Flame Tongue          Fire           12 (30)      1%          1    #......

Your spell library contained the following spells:

 Spells                   Type           Power        Failure   Level  Hunger
 Conjure Flame            Fire           12 (100)     2%          3    ###....
 Blink                    Tloc           N/A          38%         2    ##.....
 Call Imp                 Summ           2 (100)      38%         2    ##.....
 Slow                     Hex            2 (100)      38%         2    ##.....
 Mephitic Cloud           Pois/Air       2 (100)      63%         3    ###....


Dungeon Overview and Level Annotations

Branches:
Dungeon (5/8)              Temple (1/1) D:4
   Lair: D:5

Altars:
Ashenzari
Cheibriados
Dithmenos
Elyvilon
Fedhas Madash
Gozag Ym Sagoz
Makhleb
Nemelex Xobeh
Okawaru
Qazlal
Sif Muna
Uskayaw
Vehumet
Wu Jian
Xom
Yredelemnul
Zin
The Shining One
Beogh

Annotations:
D:4 3 runed translucent doors, Chiseanne's ghost, novice GoDs


Innate Abilities, Weirdness & Mutations

Your stats never grow through leveling.
Your goblin ancestry allows you to find more gold. (+20%)
You are small and have problems with some larger weapons.
You have hoof-like feet.
You are cold resistant. (rC+)
A meltable icy envelope protects you from harm. (AC +0)
Your magical capacity is low. (-10% MP)
You are somewhat resistant to further mutation.
You are immune to rotting.
You are immune to freezing clouds.
When seriously injured, your bleeding wounds create thick armour. (AC +9)
The pity of the gods increases the power of your passive and invoked divine abilities.


Message History

* * * LOW HITPOINT WARNING * * *
The hound skeleton barely misses you (0).
You riposte.
You slash the hound skeleton (9)!
The centaur shoots an arrow.
The arrow completely misses you (0).
The centaur shoots an arrow.
The arrow punctures you (9)!
* * * LOW HITPOINT WARNING * * *
The centaur shoots an arrow.
The arrow pokes you but does no damage. You block the hound skeleton's attack.
The centaur shoots an arrow.
The arrow barely misses you (0).
The hound skeleton barely misses you (0).
You riposte.
You hit the hound skeleton (3).
There is a stone staircase leading up, spattered with blood here.
You see here 13 gold pieces.
The centaur shoots an arrow.
The arrow misses you (0).
The centaur shoots an arrow.
You block the arrow.
The centaur shoots an arrow.
The arrow punctures you (8)!
* * * LOW HITPOINT WARNING * * *
The arrow burns you (8)!
You die...
Your body crumbles into a pile of gold.

### . PP
######..P.P.
.......#PPcP ##
...).....PPPP..#
.........)PP.o
............
.......>..#
.....c..@.#
.......?Z.#
..........#
.....c....#
....$.....#
..........#
#######.### #.#
#.#


You could see 3 centaurs, an orc and a hound skeleton.

Vanquished Creatures
  Harold (D:4)
  Prince Ribbit (D:4)
  Sigmund (D:2)
  A spriggan (D:4)
  Eustachio (D:2)
  9 yaks (D:4)
  Purgy (D:2)
  A porcupine (D:3)
  A water moccasin (D:3)
  3 scorpions
  A black bear (D:4)
  A sky beast (D:4)
  3 ogres
  2 big kobolds (D:2)
  3 bullfrogs (D:4)
  2 howler monkeys (D:4)
  3 killer bees (D:4)
  A quasit (D:4)
  3 wights (D:4)
  A crimson imp (D:3)
  8 jellies
  2 hounds (D:3)
  2 iguanas (D:3)
  7 orc wizards
  2 worker ants (D:4)
  2 wyvern skeletons
  8 giant cockroaches
  2 bullfrog zombies (D:4)
  2 centaur skeletons (D:2)
  4 adders
  3 gnolls (D:2)
  25 sewer rats (D:2)
  3 white imps (D:4)
  10 cinder newts
  3 worms (D:2)
  A howler monkey skeleton (D:3)
  4 oozes (D:2)
  A dart slug (D:1)
  2 leopard geckos
  19 orcs
  An adder zombie (D:5)
  6 bats
  7 jackals (D:4)
  17 kobolds
  4 quokkas
  4 ball pythons
  A bat skeleton (D:2)
  A quokka skeleton (D:3)
  A rat (D:1)
192 creatures vanquished.

Vanquished Creatures (others)
  A jelly (D:2)
  An adder (D:2)
  A worm (D:2)
  2 leopard geckos (D:2)
  4 ball pythons (D:2)
  2 bats (D:2)
  2 bat skeletons (D:2)
  7 kobolds (D:2)
  2 giant blowflies (D:2)
  142 withered plants (D:2)
164 creatures vanquished.

Grand Total: 356 creatures vanquished

Notes
Turn   | Place    | Note
-------+----------+-------------------------------------------
     0 | D:1      | Chiseanne the Goblin Demonspawn began the quest for the
                  | Orb.
     0 | D:1      | Reached XP level 1. HP: 13/13 MP: 2/2
    28 | D:1      | Gained mutation: You are cold resistant. (rC+) [demonic
                  | ancestry]
    28 | D:1      | Reached XP level 2. HP: 19/19 MP: 3/3
    43 | D:1      | Reached skill level 1 in Shields
   101 | D:1      | Reached XP level 3. HP: 24/24 MP: 4/4
   198 | D:1      | Gained mutation: You are immune to freezing clouds.
                  | [demonic ancestry]
   198 | D:1      | Reached XP level 4. HP: 30/30 MP: 5/5
   305 | D:1      | Identified a scroll of acquirement
   679 | D:1      | Identified the ring "Qasulint" {MR++ MP+9 Slay+6 Stlth-}
                  | (You acquired it on level 1 of the Dungeon)
   772 | D:2      | Reached skill level 1 in Armour
   789 | D:2      | Gained mutation: You have large cloven feet. [demonic
                  | ancestry]
   789 | D:2      | Reached XP level 5. HP: 27/35 MP: 6/6
   856 | D:2      | Found a glowing silver altar of Zin.
   889 | D:2      | Reached skill level 5 in Dodging
   891 | D:2      | Gained mutation: A meltable icy envelope protects you from
                  | harm. (AC +0) [demonic ancestry]
   891 | D:2      | Reached XP level 6. HP: 41/42 MP: 8/8
   991 | D:2      | Noticed a flying skull
   991 | D:2      | Noticed a flying skull
   991 | D:2      | Noticed a flying skull
   991 | D:2      | Noticed a vampire mosquito
   991 | D:2      | Noticed a flying skull
   991 | D:2      | Noticed a vampire mosquito
   993 | D:2      | Noticed a vampire mosquito
   996 | D:2      | Noticed a vampire mosquito
   996 | D:2      | Noticed a flying skull
   996 | D:2      | Noticed a flying skull
   998 | D:2      | Gained mutation: When seriously injured, your bleeding
                  | wounds create armour. (AC +9) [demonic ancestry]
   998 | D:2      | Reached XP level 7. HP: 47/47 MP: 9/9
  1005 | D:2      | Noticed a vampire mosquito
  1005 | D:2      | Noticed a flying skull
  1005 | D:2      | Noticed a flying skull
  1005 | D:2      | Noticed a flying skull
  1005 | D:2      | Noticed a flying skull
  1036 | D:2      | Noticed Sigmund
  1047 | D:2      | Killed Sigmund
  1089 | D:2      | Noticed Purgy
  1094 | D:2      | Killed Purgy
  1132 | D:2      | Noticed Eustachio
  1156 | D:2      | Killed Eustachio
  1156 | D:2      | Reached skill level 6 in Dodging
  1156 | D:2      | Reached XP level 8. HP: 54/54 MP: 12/12
  1306 | D:2      | Reached skill level 5 in Fighting
  1561 | D:2      | Reached skill level 5 in Shields
  1561 | D:2      | Reached skill level 5 in Fire Magic
  1609 | D:3      | Reached skill level 5 in Spellcasting
  1701 | D:3      | Found an ornate altar of the Wu Jian Council.
  1719 | D:3      | Reached skill level 7 in Dodging
  1719 | D:3      | Gained mutation: When seriously injured, your bleeding
                  | wounds create thick armour. (AC +9) [demonic ancestry]
  1719 | D:3      | Reached XP level 9. HP: 54/62 MP: 14/14
  1769 | D:3      | Found a glowing silver altar of Zin.
  1849 | D:3      | Found a burning altar of Makhleb.
  2278 | D:3      | Found a snail-covered altar of Cheibriados.
  2429 | D:4      | Identified the cursed ring "Yclefieh" {Int+5 Dex+4, (Curse:
                  | *Slow)}
  2461 | D:4      | Found a runed translucent gate.
  2484 | D:4      | Found a staircase to the Ecumenical Temple.
  2492 | D:4      | Found a roughly hewn altar of Beogh.
  2492 | D:4      | Noticed Chiseanne's ghost (novice GoDs)
  2494 | D:4      | Identified the +2 hat of Duty {rC- MR+++}
  2645 | D:4      | Noticed Harold
  2694 | D:4      | Killed Harold
  2694 | D:4      | Reached skill level 8 in Dodging
  2694 | D:4      | Gained mutation: You have hoof-like feet. [demonic
                  | ancestry]
  2694 | D:4      | Reached XP level 10. HP: 52/71 MP: 17/17
  2741 | D:4      | Found a basalt altar of Yredelemnul.
  2842 | D:4      | Noticed Prince Ribbit
  2855 | D:4      | Killed Prince Ribbit
  2915 | D:4      | Found a glowing golden altar of the Shining One.
  2940 | D:4      | Found a runed translucent gate.
  2940 | D:4      | Found a runed translucent gate.
  3014 | Temple   | Entered the Ecumenical Temple
  3288 | Temple   | Became a worshipper of Gozag Ym Sagoz the Greedy
  3411 | D:5      | Entered Level 5 of the Dungeon
  3411 | D:5      | Found a blossoming altar of Fedhas.
  3465 | D:4      | Reached skill level 9 in Dodging
  3576 | D:4      | Gained mutation: You are immune to rotting. [demonic
                  | ancestry]
  3576 | D:4      | Reached XP level 11. HP: 78/78 MP: 19/19
  3639 | D:5      | HP: 2/78 [centaur/arrow (8)]
  3639 | D:5      | Shot with an arrow by a centaur

Levels and vault maps discovered:
D:1:      dpeg_arrival_lava_temple_mockup, layout_cave_pools, minivault_10
D:2:      layout_sewer, zin_statuary, lemuel_doored_altar,
          kennysheep_door_sewer, minmay_ruptured
D:3:      layout_rooms, kennysheep_mini_moat, old_standard_altar, first_ration,
          hangedman_feature_mirror
D:4:      layout_cave_pools, nicolae_tso_carved_into_rock,
          overflow_temple_1_default, temple_doors_cd,
          biasface_ghost_orc_armoury, the_bakery, uniq_prince_ribbit1,
          uniq_harold
D:5:      layout_roguey, nicolae_ru_awakened_eye, fedhas_bush_and_centaur_altar,
          lemuel_mausoleum_altar_kikubaaqudgha, dpeg_lair_monsters
Temple:   minmay_temple_forest_path

Skill      XL: |  1  2  3  4  5  6  7  8  9 10 |
---------------+-------------------------------+-----
Shields        | 1 2 3 4 5 7 8 |  8.4
Fighting       | 2 3 4 5 7 8 |  8.6
Spellcasting   | 2 3 4 5 6 7 |  7.8
Armour         | 1 2 |  2.1
Dodging        | 5 6 7 8 9 |  9.4
Fire Magic     | 3 4 5 7 8 |  8.3
Long Blades    | |  2.6
Stealth        | |  2.6
Invocations    | |  4.0

Action                   |  1- 3 |  4- 6 |  7- 9 | 10-12 || total
-------------------------+-------+-------+-------+-------++-------
Melee: Long sword        |    51 |   109 |   145 |    20 ||   325
       Kick              |       |     2 |     9 |       ||    11
       Dagger            |       |       |   198 |   121 ||   319
  Use: Scroll            |       |     1 |     3 |     1 ||     5
       Potion            |       |       |     3 |       ||     3
 Stab: Sleeping          |     1 |       |       |       ||     1
       Invisible         |       |       |     2 |       ||     2
  Eat: Chunk             |       |     1 |     6 |     4 ||    11
Armor: Leather armour    |    17 |    33 |    12 |       ||    62
       Ring mail         |     1 |     4 |       |       ||     5
       Troll leather     |       |       |   121 |    95 ||   216
Dodge: Dodged            |    41 |    93 |   340 |   187 ||   661
Block: Buckler           |     7 |     8 |    54 |    20 ||    89
       Rpst.: Long sword |    19 |    30 |    54 |    10 ||   113
